 Dungeon Crawl Stone Soup version 0.26-a0-639-g72c4674329 (webtiles) character file.

Game seed: 2118998039670243539

39998 Borgoz the Carver (level 13, 0/186 HPs)
             Began as a Minotaur Berserker on Sept 18, 2020.
             Was a High Priest of Trog.
             Slain by a death knight
             ... wielding a +0 morningstar
              (17 damage)
             ... on level 14 of the Dungeon.
             The game lasted 00:23:52 (15259 turns).

Borgoz the Carver (Minotaur Berserker)             Turns: 15259, Time: 00:23:53

Health: 0/186      AC: 13    Str: 27    XL:     13   Next: 72%
Magic:  12/12      EV: 19    Int:  6    God:    Trog [*****.]
Gold:   211        SH:  0    Dex: 15    Spells: 12/12 levels left

rFire    . . .     SeeInvis .   A - +3 great sword
rCold    . . .     Faith    .   (shield currently unavailable)
rNeg     . . .     Spirit   .   v - +0 scale mail "Suonix" {rF- MR+ Str+3 Int+2 Dex+2} (curse)
rPois    .         Reflect  .   (helmet restricted)
rElec    .         Harm     .   G - scarf {repulsion}
rCorr    .         Rampage  .   (no gloves)
MR       +++..                  q - +2 pair of boots
Stlth    ..........             F - amulet of regeneration
HPRegen  1.81/turn              D - ring of protection from fire
MPRegen  0.13/turn              t - +4 ring of slaying

@: berserking, regenerating, repel missiles, very quick
A: retaliatory headbutt, horns 2
a: Berserk, Trog's Hand, Brothers in Arms, Renounce Religion


You were on level 14 of the Dungeon.
You worshipped Trog.
Trog was extremely pleased with you.
You visited 1 branch of the dungeon, and saw 14 of its levels.
You visited 1 bazaar.
You also visited: Ossuary and Gauntlet.

You collected 1608 gold pieces.
You spent 1397 gold pieces at shops.

Inventory:

Hand Weapons
 d - a +4 scimitar
 A - a +3 great sword (weapon)
Armour
 a - the +7 plate armour of Pleasant Breezes {Dex+2 SInv}
   (You bought it in a shop on level 4 of the Dungeon)

   It affects your dexterity (+2).
   It lets you see invisible.
 q - a +2 pair of boots (worn)
 v - the cursed +0 scale mail "Suonix" (worn) {rF- MR+ Str+3 Int+2 Dex+2}
   (You found it on level 13 of the Dungeon)

   It affects your strength (+3).
   It affects your intelligence (+2).
   It affects your dexterity (+2).
   It makes you vulnerable to fire.
   It affects your resistance to hostile enchantments.
   It has a curse placed upon it.
 G - a scarf of repulsion (worn)
 I - a +4 chain mail of cold resistance
 J - the cursed +0 scale mail "Liug" {Regen+ Str+7 Int-2 Slay+2}
   (You found it in a Gauntlet)

   It affects your strength (+7).
   It affects your intelligence (-2).
   It affects your accuracy and damage with ranged weapons and melee attacks
   (+2).
   It increases your rate of regeneration.
   It has a curse placed upon it.
Jewellery
 h - an uncursed ring of resist corrosion
 k - an uncursed ring of see invisible
 t - a +4 ring of slaying (right hand)
 u - an uncursed ring of ice
 D - a ring of protection from fire (left hand)
 E - an uncursed ring of positive energy
 F - an amulet of regeneration (around neck)
Wands
 o - a wand of flame (33)
 B - a wand of disintegration (2)
Scrolls
 b - 5 scrolls of remove curse
 c - 4 scrolls of fog
 e - 4 scrolls of blinking
 i - 2 scrolls of enchant armour
 j - 4 scrolls of fear
 m - a scroll of enchant weapon
 r - 8 scrolls of teleportation
 x - a scroll of silence
 y - a scroll of identify
 H - a scroll of magic mapping
Potions
 f - 6 potions of heal wounds
 g - 11 potions of curing
 l - 4 potions of mutation
 n - 2 potions of ambrosia
 p - 2 potions of stabbing
 s - 2 potions of haste
 w - 3 potions of flight
 z - a potion of cancellation
 C - 3 potions of might
 K - a potion of invisibility {unknown}


   Skills:
 + Level 14.3 Fighting
 + Level 14.3 Long Blades
 + Level 14.1 Armour
 + Level 13.0 Dodging


You had 12 spell levels left.
You didn't know any spells.
Your spell library was empty.

Dungeon Overview and Level Annotations

Branches:
Dungeon (14/15)            Temple (0/1) D:5            Lair (0/6) D:9
    Orc (0/2) D:11         Vaults (0/5) D:13        Ossuary (visited)
Gauntlet (visited)

Altars:
Dithmenos
Elyvilon
Fedhas
Gozag
Hepliaklqana
Nemelex Xobeh
Ru
Sif Muna
Xom
The Shining One

Shops:
D:4 [   D:8 :   D:11 *   D:13 [


Innate Abilities, Weirdness & Mutations

You reflexively headbutt those who attack you in melee.
You have a pair of horns on your head.


Message History

The orc wizard closely misses you. You furiously retaliate!
You headbutt the orc wizard!
You riposte.
You closely miss the orc wizard.
The orc wizard is almost dead.
You barely miss something. You headbutt something. Something barely misses you.
Something hits you but does no damage.
The centaur warrior skeleton hits you but does no damage.
The orc wizard closely misses you. You furiously retaliate!
You headbutt the orc wizard!
You kill the orc wizard!
Trog accepts your kill.
Trog appreciates your killing of a magic user.
The orc wizard hits you but does no damage.
You slash the death knight!
The death knight is moderately wounded.
The death knight reflects your damage back at you!
* * * LOW HITPOINT WARNING * * *
Something hits you but does no damage.
The centaur warrior skeleton hits you but does no damage.
The death knight hits you with a +0 morningstar!
You die...

..........
#.........
#.........
#.........
#####.........
###...#.......#
.......Z......##
.......p@)..O...
##...#)o#######
... #.Jo..# .
#(....####
#.<.......
#.....#...
#.....# ..
#.....# .
#.....#


You could see a death knight (reflects damage), an ogre, a jelly, an orc wizard,
an orc and a centaur warrior skeleton.

Vanquished Creatures
  Rupert (D:12)
  Kirke (D:12)
  An ironheart preserver (D:13)
  A minotaur (Gauntlet)
  Josephine (D:12)
  Fannar (D:10)
  2 hydras (D:11)
  A centaur warrior (D:10)
  3 death yaks
  2 two-headed ogres
  An unseen horror (D:13)
  3 skeletal warriors (D:13)
  4 ugly things
  A deep elf mage (D:14)
  A wolf spider zombie (D:13)
  Maurice (D:10)
  5 cyclopes
  A manticore (D:8)
  A centaur zombie (D:13)
  Psyche (D:8)
  A queen bee (Gauntlet)
  2 polar bears (D:13)
  3 trolls
  A hornet (D:10)
  A slime creature (D:13)
  2 hippogriffs
  4 wraiths (D:12)
  Sigmund (D:4)
  15 flying skulls (Gauntlet)
  A shadow (D:12)
  17 yaks
  A vampire (D:13)
  3 hogs (D:12)
  2 basilisks (D:13)
  2 wyverns
  Grum (D:9)
  A steam dragon (D:7)
  4 vampire mosquitoes (D:9)
  2 acid dragons
  A water moccasin (D:11)
  3 porcupines (D:9)
  5 orc warriors
  7 sky beasts
  4 ice beasts
  4 black bears
  An eye of draining (D:12)
  6 ogres
  4 wolves
  10 centaurs
  2 crocodiles
  3 big kobolds
  9 bullfrogs
  Blork the orc (D:7)
  A cane toad simulacrum (Gauntlet)
  6 scorpions
  A wyvern skeleton (D:12)
  7 killer bees
  8 wights
  8 howler monkeys
  3 jellies
  3 electric eels (D:13)
  12 orc priests
  2 quasits
  2 hounds
  6 iguanas
  17 orc wizards
  6 bullfrog skeletons
  6 centaur skeletons
  A hell rat (D:9)
  12 worker ants
  A killer bee zombie (D:5)
  4 centaur simulacra
  A big kobold zombie (Ossuary)
  A bullfrog simulacrum (Gauntlet)
  A hound skeleton (D:4)
  8 mummies (Ossuary)
  A howler monkey skeleton (D:10)
  A howler monkey zombie (D:5)
  A worker ant zombie (D:5)
  8 gnolls
  3 river rats (D:9)
  11 adders
  2 shadow imps
  2 white imps
  5 ufetubi
  An adder zombie (D:6)
  An adder skeleton (D:4)
  4 worms
  A dart slug (D:1)
  6 leopard geckos
  72 orcs
  A ball python (D:1)
  6 bats
  7 giant cockroaches
  3 gnoll zombies (Ossuary)
  4 goblins
  7 hobgoblins (D:1)
  21 jackals
  17 kobolds
  7 quokkas
  4 frilled lizards
  A hobgoblin zombie (Ossuary)
  2 kobold zombies (Ossuary)
  An orc zombie (Ossuary)
  A quokka skeleton (D:7)
  7 rats
482 creatures vanquished.

Vanquished Creatures (others)
  A centaur (D:7)
  2 orc wizards (D:4)
  A plant (D:1)
4 creatures vanquished.

Grand Total: 486 creatures vanquished

Notes
Turn   | Place    | Note
-------+----------+-------------------------------------------
     0 | D:1      | Borgoz the Minotaur Berserker began the quest for the Orb.
     0 | D:1      | Reached XP level 1. HP: 19/19 MP: 0/0
   186 | D:1      | Reached XP level 2. HP: 25/27 MP: 1/1
   812 | D:1      | Reached XP level 3. HP: 31/33 MP: 2/2
  1329 | D:2      | Reached ** piety under Trog
  1832 | D:2      | Found a blossoming altar of Fedhas.
  1838 | D:2      | Found a glowing golden altar of the Shining One.
  1843 | D:2      | Found a hazy altar of Hepliaklqana.
  1946 | D:2      | Reached XP level 4. HP: 41/41 MP: 3/3
  1977 | D:2      | Found a faded altar of an unknown god.
  3109 | D:4      | Reached XP level 5. HP: 47/47 MP: 4/4
  3239 | D:4      | Noticed Sigmund
  3252 | D:4      | Killed Sigmund
  3252 | D:4      | Reached skill level 5 in Fighting
  3252 | D:4      | Reached skill level 5 in Long Blades
  3252 | D:4      | Reached XP level 6. HP: 25/56 MP: 5/5
  3768 | D:4      | Reached skill level 5 in Armour
  3842 | D:4      | Reached XP level 7. HP: 61/62 MP: 6/6
  3912 | D:4      | Found Vojuf's Armour Shop.
  4162 | D:4      | Reached *** piety under Trog
  4227 | D:5      | Entered Level 5 of the Dungeon
  4258 | D:5      | Found a staircase to the Ecumenical Temple.
  4303 | D:5      | Reached skill level 5 in Dodging
  4570 | D:5      | Reached XP level 8. HP: 71/71 MP: 7/7
  5027 | D:6      | Reached **** piety under Trog
  5658 | D:6      | Found a white marble altar of Elyvilon.
  5776 | D:7      | Reached XP level 9. HP: 50/81 MP: 8/8
  5814 | D:7      | Found a sand-covered staircase.
  5822 | Ossuary  | Entered an ossuary
  6151 | D:7      | Noticed Blork the orc
  6170 | D:7      | Killed Blork the orc
  6181 | D:7      | Found a shimmering blue altar of Sif Muna.
  6244 | D:7      | Reached ***** piety under Trog
  7011 | D:8      | Noticed Psyche
  7022 | D:8      | Killed Psyche
  7115 | D:8      | Found a shimmering altar of Xom.
  7532 | D:8      | Reached XP level 10. HP: 82/91 MP: 9/9
  7665 | D:8      | Found a sparkling altar of Nemelex Xobeh.
  7745 | D:8      | Noticed a manticore
  7763 | D:8      | Killed a manticore
  8102 | D:8      | Found Mistesa's Book Shoppe.
  8194 | D:9      | Noticed Grum
  8304 | D:9      | Killed Grum
  8462 | D:9      | Reached skill level 10 in Long Blades
  8735 | D:9      | Reached skill level 10 in Fighting
  8815 | D:9      | Noticed a death yak
  8818 | D:9      | Noticed a death yak
  8819 | D:9      | Noticed a death yak
  8835 | D:9      | Killed a death yak
  8835 | D:9      | Received a gift from Trog
  8836 | D:9      | Reached skill level 10 in Armour
  8849 | D:9      | Killed a death yak
  8885 | D:8      | Killed a death yak
  8885 | D:8      | Reached XP level 11. HP: 31/101 MP: 10/10
  9354 | D:9      | Found a staircase to the Lair.
  9869 | D:10     | Entered Level 10 of the Dungeon
 10052 | D:10     | Found a large runed translucent door.
 10052 | D:10     | Found a large runed translucent door.
 10063 | D:10     | Noticed a centaur warrior
 10069 | D:10     | Killed a centaur warrior
 10069 | D:10     | Reached skill level 10 in Dodging
 10164 | D:10     | Found a large runed translucent door.
 10165 | D:10     | Found a large runed translucent door.
 10468 | D:10     | Noticed Maurice
 10482 | D:10     | Killed Maurice
 10746 | D:10     | Noticed Fannar
 10774 | D:10     | Killed Fannar
 11385 | D:11     | Noticed a two-headed ogre
 11391 | D:11     | Killed a two-headed ogre
 11508 | D:11     | Noticed a seven-headed hydra
 11516 | D:11     | Found Upuski's Assorted Antiques.
 11765 | D:4      | Bought the +7 plate armour of Pleasant Breezes {Dex+2 SInv}
                  | for 880 gold pieces
 12180 | D:11     | Found a staircase to the Orcish Mines.
 12258 | D:11     | Killed a 12-headed hydra
 12599 | D:11     | Reached XP level 12. HP: 112/112 MP: 11/11
 12675 | D:11     | Noticed an eight-headed hydra
 12680 | D:11     | Killed a 12-headed hydra
 12935 | D:11     | Found a shadowy altar of Dithmenos.
 13073 | D:12     | Noticed Rupert
 13177 | D:12     | Found a flickering gateway to a bazaar.
 13181 | Bazaar   | Entered a bazaar
 13181 | Bazaar   | Found Esauma's Book Emporium.
 13181 | Bazaar   | Found Uto Sis's Distillery.
 13181 | Bazaar   | Found Taokh's Book Shop.
 13183 | Bazaar   | Found Jest's Distillery.
 13255 | Bazaar   | Bought a potion of heal wounds for 60 gold pieces
 13255 | Bazaar   | Bought a potion of heal wounds for 60 gold pieces
 13255 | Bazaar   | Bought a potion of might for 48 gold pieces
 13258 | Bazaar   | Bought a potion of might for 68 gold pieces
 13258 | Bazaar   | Bought 2 potions of might for 136 gold pieces
 13258 | Bazaar   | Bought a potion of heal wounds for 85 gold pieces
 13261 | Bazaar   | Bought a potion of heal wounds for 60 gold pieces
 13297 | D:12     | Noticed Kirke
 13312 | D:12     | Killed Kirke
 13377 | D:12     | Found a sacrificial altar of Ru.
 13476 | D:12     | Killed Rupert
 13757 | D:12     | Noticed Josephine
 13769 | D:12     | Killed Josephine
 13877 | D:13     | Noticed an ironheart preserver
 13878 | D:13     | Found a gate to the Vaults.
 13926 | D:13     | Found an opulent altar of Gozag.
 13957 | D:13     | Reached XP level 13. HP: 119/122 MP: 12/12
 13976 | D:13     | Found Omid's Armour Boutique.
 14003 | D:13     | Found a gate leading to a gauntlet.
 14012 | Gauntlet | Entered a Gauntlet
 14012 | Gauntlet | Found a transporter.
 14012 | Gauntlet | Found a transporter.
 14012 | Gauntlet | Found a transporter.
 14060 | Gauntlet | Found a transporter.
 14064 | Gauntlet | Found a transporter.
 14070 | Gauntlet | Found a transporter.
 14072 | Gauntlet | Found a transporter.
 14073 | Gauntlet | Found a transporter.
 14075 | Gauntlet | Found a transporter.
 14083 | Gauntlet | Found a transporter.
 14083 | Gauntlet | Found a transporter.
 14174 | Gauntlet | Received a gift from Trog
 14243 | Gauntlet | Noticed a minotaur
 14260 | Gauntlet | Killed a minotaur
 14264 | Gauntlet | Identified the Collected Works on Enchantment and
                  | Envenoming
 14266 | Gauntlet | Got a distressingly furry scale mail
 14269 | D:13     | Identified the cursed +0 scale mail "Liug" {Regen+ Str+7
                  | Int-2 Slay+2} (You found it in a Gauntlet)
 14376 | D:13     | Killed an ironheart preserver
 14989 | D:13     | Got a faintly humming scale mail
 15000 | D:13     | Identified the cursed +0 scale mail "Suonix" {rF- MR+ Str+3
                  | Int+2 Dex+2} (You found it on level 13 of the Dungeon)
 15259 | D:14     | Slain by a death knight

Illustrated notes

Levels and vault maps discovered:
D:1:      minmay_arrival_semitransparent, layout_loops_ring, serial_forest,
          infiniplex_forest_clump_small, infiniplex_forest_end_1,
          infiniplex_forest_zigzag_1, infiniplex_forest_clump_diagonal,
          infiniplex_forest_clump_large, infiniplex_forest_clump_long,
          infiniplex_forest_lined_room_3, infiniplex_forest_straight_4,
          minivault_24
D:2:      layout_loops_ring, minmay_overflow_temple_star_quad,
          chequers_ecumenical_altar_island
D:3:      layout_basic, chequers_garden
D:4:      minmay_bubble_buster, layout_loops_cross, serial_shops,
          nicolae_shop_trees, uniq_sigmund
D:5:      layout_rooms, minmay_temple_entry_glassed_door
D:6:      layout_loops_ring, marbit_many_paths
D:7:      layout_rooms, tgw_sif, chequers_ossuary_entry_cave
D:8:      layout_loops_ring, nicolae_overflow_hidden_temple, serial_shops,
          kennysheep_mini_moat, nemelex_lonely_heart_becter, uniq_psyche
D:9:      layout_stronghold, dpeg_lair_monsters, uniq_grum
D:10:     layout_big_octagon, minmay_hollow_rounded_squares, uniq_fannar,
          uniq_maurice
D:11:     layout_roguey, hiddenorc2_lemuel, serial_shops, shop_statue,
          serial_curves, eino_curves_02, eino_curves_02, minivault_11,
          grunt_dithmenos_shadows
D:12:     layout_roguey, serial_shops, bzr_in_the_mist, nicolae_ru_awakened_eye,
          uniq_josephine, uniq_kirke, uniq_rupert
D:13:     layout_gridville, skrybe_vaults_entry_preservation, serial_ice,
          serial_ice_h, serial_ice_o, serial_ice_j, serial_ice_c,
          gauntlet_entry_generic, serial_shops, shop_statue, basic_altar,
          st_stairs_11, grunt_decor_cap, minmay_statues_item
D:14:     layout_basic, minmay_misc_feat_pillars, lemuel_old_faithful

Skill      XL: |  1  2  3  4  5  6  7  8  9 10 11 12 13 |
---------------+----------------------------------------+-----
Fighting       | 4 5 6 7 9 10 12 13 14 | 14.3
Long Blades    | 4 5 6 7 9 10 12 13 14 | 14.3
Armour         | 3 4 5 6 7 9 10 11 13 14 | 14.1
Dodging        | 3 4 5 6 8 9 10 12 13 | 13.0

Action                   |  1- 3 |  4- 6 |  7- 9 | 10-12 | 13-15 || total
-------------------------+-------+-------+-------+-------+-------++-------
Melee: Falchion          |    77 |   116 |   303 |   294 |       ||   790
       Headbutt          |    15 |    27 |    78 |   158 |    66 ||   344
       Scimitar          |       |       |       |   226 |    58 ||   284
       Great sword       |       |       |       |       |   160 ||   160
Invok: Trog's Hand       |       |     1 |     1 |       |     3 ||     5
       Berserk           |       |       |     1 |     3 |     2 ||     6
Evoke: Wand              |       |       |    10 |     6 |     1 ||    17
  Use: Scroll            |       |       |    13 |     9 |     5 ||    27
       Potion            |       |       |     1 |     3 |       ||     4
 Stab: Sleeping          |     1 |       |       |       |       ||     1
Armor: Animal skin       |    13 |       |       |       |       ||    13
       Scale mail        |     4 |    56 |    17 |   109 |    35 ||   221
       Chain mail        |       |       |   143 |     7 |       ||   150
       Plate armour      |       |       |       |   113 |   134 ||   247
Dodge: Dodged            |    49 |    81 |   155 |   337 |   180 ||   802
       Rpst.: Falchion   |    11 |    23 |    43 |    61 |       ||   138
       Scimitar          |       |       |       |    40 |    14 ||    54
       Great sword       |       |       |       |       |    25 ||    25

Table legend: (Time is in decaauts)
 A = Elapsed time spent in this place.
 B = Non-inter-level travel time spent in this place.
 C = Inter-level travel time spent in this place.
 D = Time resting spent in this place.
 E = Time spent auto-exploring this place.
 F = Levels seen in this place.
 G = Mean time per level.
                   A        B        C        D        E       F      G
               +--------+--------+--------+--------+--------+-----+--------+
         Total |  15180 |  14257 |    923 |   2714 |   8722 |  17 |  892.9 |
       Dungeon |  14550 |  13627 |    923 |   2649 |   8508 |  14 | 1039.3 |
        Bazaar |     83 |     83 |      0 |      0 |     49 |   1 |   83.0 |
       Ossuary |    308 |    308 |      0 |     65 |    165 |   1 |  308.0 |
      Gauntlet |    236 |    236 |      0 |      0 |      0 |   1 |  236.0 |
               +--------+--------+--------+--------+--------+-----+--------+

Top non-repeatable levels by time:
     D:8: 1858 daAuts
    D:10: 1439 daAuts
    D:11: 1417 daAuts
     D:4: 1225 daAuts
     D:1: 1185 daAuts
     D:9: 1176 daAuts
    D:13: 1101 daAuts
     D:2: 1071 daAuts
     D:6: 1068 daAuts
     D:7: 905 daAuts
     D:3: 822 daAuts
    D:12: 658 daAuts
     D:5: 597 daAuts
 Ossuary: 308 daAuts
Gauntlet: 236 daAuts
